Map: Orbital Shipyard

Players

DIMAGA

  • Race: Zerg Zerg

iGXiGua (XiGua) - Winner!

  • Race: Zerg Zerg

Event: NationWars III

VOD

Have the link to the VOD?

Description

Time

  • Played on: Dec. 3, 2015, 5:01 p.m.
  • Length: 7:39
Show
View Real Time Build Order
Export as new Build Order

DIMAGA Zerg 

Build Orders: Pool First 

Get SALT Encoding   

  12  0:01  Drone  
  13  0:08  Drone  
  14  0:15  Extractor  
  13  0:28  Spawning Pool  
  12  0:32  Drone  
  13  0:36  Drone  
  13  0:42  Extractor  
  13  0:43  Drone  
  15  0:52  Overlord  
  15  1:15  Queen  
  15  1:17  Zergling x2  
  18  1:19  Metabolic Boost  
  18  1:22  Zergling x2  
  19  1:26  Zergling x2  
  19  1:29  Zergling x2  
  21  1:40  Overlord  
  21  1:51  Zergling x2  
  22  2:02  Hatchery  
  22  2:07  Zergling x2  
  22  2:14  Zergling x2  
  23  2:25  Zergling x6  
  23  2:29  Zergling x2  
  27  2:42  Zergling x2  
  26  2:59  Zergling x8  
  28  3:21  Queen  
  28  3:23  Spine Crawler  
  28  3:24  Zergling x2  
  28  3:25  Zergling x4  
  28  3:27  Zergling x2  
  28  3:28  Zergling x2  
  29  3:48  Drone x2  
  27  3:50  Zergling x6  
  27  3:51  Drone  
  29  4:08  Drone x2  
  31  4:10  Drone  
  31  4:13  Drone x3  
  35  4:26  Overlord  
  35  4:33  Roach Warren  
  35  4:34  Extractor  
  33  4:39  Drone  
  33  4:40  Drone  
  35  4:50  Drone x3  
  38  4:58  Drone x3  
  39  5:07  Overlord  
  39  5:16  Roach x2  
  39  5:18  Overlord  
  43  5:33  Roach x3  
  43  5:34  Overlord  
  51  5:50  Roach x5  
  51  5:55  Roach  
  61  5:59  Ravager  
  61  6:00  Ravager x2  
  61  6:03  Overlord  
  62  6:13  Roach x2  
  66  6:22  Zergling x2  
  66  6:23  Zergling x4  
  65  6:29  Zergling x8  
  65  6:30  Zergling x4  
  65  6:32  Ravager x2  
  73  6:40  Zergling x2  
  73  6:41  Overlord  
  73  6:46  Zergling x2  
  74  7:02  Roach  
  74  7:03  Roach x4  
  74  7:08  Zergling x4  
  75  7:18  Zergling x12  
  75  7:20  Zergling x2  
Show
View Real Time Build Order
Export as new Build Order

iGXiGua Zerg - Winner!

Build Orders: Hatch First 

Get SALT Encoding   

  12  0:01  Drone  
  13  0:08  Drone  
  14  0:17  Overlord  
  14  0:23  Drone, Extractor  
  15  0:35  Drone x2  
  17  0:51  Hatchery  
  17  0:55  Drone  
  17  0:58  Drone  
  17  1:02  Extractor  
  17  1:14  Spawning Pool  
  17  1:17  Drone  
  17  1:20  Drone  
  18  1:28  Drone  
  19  1:38  Overlord  
  19  2:01  Zergling x4, Queen  
  21  2:03  Queen  
  21  2:05  Metabolic Boost  
  21  2:08  Zergling x2  
  26  2:12  Drone  
  28  2:15  Drone  
  28  2:26  Spine Crawler  
  28  2:28  Baneling Nest  
  26  2:39  Zergling x8  
  28  2:45  Zergling x2  
  28  2:48  Zergling x2  
  30  2:58  Zergling x4  
  30  3:06  Zergling x2  
  30  3:11  Baneling x2  
  31  3:12  Zergling x2  
  31  3:13  Zergling x2  
  31  3:18  Zergling x2  
  29  3:33  Drone  
  29  3:34  Drone x4  
  32  3:46  Drone  
  32  3:47  Overlord  
  31  3:51  Overlord  
  31  3:56  Drone  
  31  3:59  Drone  
  33  4:04  Overlord  
  32  4:13  Drone x2  
  32  4:14  Drone  
  32  4:15  Drone x2  
  32  4:16  Drone  
  38  4:18  Drone  
  39  4:26  Drone  
  39  4:27  Drone  
  41  4:36  Baneling  
  41  4:37  Drone x3  
  41  4:38  Zergling x8  
  47  4:48  Zergling x4  
  49  4:54  Overlord  
  49  5:02  Hatchery  
  48  5:07  Drone x2, Extractor  
  48  5:08  Drone, Roach Warren  
  49  5:15  Baneling x2  
  49  5:16  Baneling x2  
  49  5:19  Drone  
  49  5:20  Overlord x2  
  50  5:26  Drone x2  
  52  5:42  Queen  
  52  5:51  Roach  
  52  5:52  Roach x5  
  52  5:55  Overlord  
  63  5:58  Overlord  
  63  6:03  Roach x2  
  67  6:07  Drone x4  
  69  6:12  Roach  
  71  6:20  Drone  
  71  6:21  Lair  
  71  6:25  Roach  
  73  6:26  Overlord x2  
  73  6:36  Roach x2  
  73  6:38  Extractor  
  74  6:40  Drone  
  74  6:42  Overlord, Roach  
  74  6:43  Roach, Zergling x6  
  82  6:47  Zergling x4  
  82  6:48  Zergling x2  
  85  6:56  Roach x2, Zergling x2  
  85  7:00  Roach, Zergling x2  
  85  7:01  Zergling x4  
  95  7:04  Roach  
  95  7:06  Zergling x2  
  93  7:10  Roach, Zergling x8  
  93  7:13  Roach  
Tags
 
Add a new tag
Caveats
  • Supply blocks, unpowered buildings, or Contaminate may cause inaccurate times.
  • Supply counts are checked every 10 seconds.